Map: Ever Dream LE

Players

Creature - Winner!

  • Race: Protoss Protoss
  • Spawn Location: 7:00

Vindicta

  • Race: Terran Terran
  • League: Master
  • Spawn Location: 1:00

Event: The Miserable Cup

VOD

Have the link to the VOD?

Description

Time

  • Played on: June 21, 2020, 10:59 a.m.
  • Length: 7:28

All games in this series

Show
View Real Time Build Order
Export as new Build Order

Creature Protoss - Winner!

Build Orders: 1 Gate Expand, Zealot Archon, Archon Drop, Dark Templar Rush 

Get SALT Encoding   

  12  0:00  Probe  
  13  0:13  Probe  
  14  0:17  Pylon  
  14  0:25  Probe  
  15  0:33  Probe  
  15  0:35  Gateway  
  15  0:41  Probe  
  16  0:47  Assimilator  
  17  0:51  Probe  
  18  1:03  Probe  
  19  1:15  Probe  
  20  1:22  Cybernetics Core  
  20  1:33  Nexus  
  20  1:38  Pylon  
  20  1:43  Probe  
  20  1:47  Assimilator  
  21  1:48  Adept  
  21  1:55  Probe  
  21  1:59  Warp Gate  
  24  2:07  Probe  
  25  2:19  Probe  
  25  2:22  Twilight Council  
  26  2:31  Stalker, Probe  
  29  2:42  Probe  
  29  2:43  Pylon  
  29  2:44  Probe  
  30  2:50  Probe  
  31  2:52  Probe  
  33  2:58  Probe  
  33  3:00  Probe  
  35  3:06  Dark Shrine  
  35  3:10  Probe  
  36  3:15  Probe, Gateway  
  37  3:22  Gateway  
  37  3:24  Probe  
  38  3:27  Probe  
  39  3:35  Robotics Facility  
  39  3:36  Probe  
  40  3:42  Pylon  
  40  3:43  Probe  
  40  3:48  Probe  
  42  3:55  Probe  
  41  3:56  Assimilator  
  41  3:58  Assimilator  
  41  3:59  Pylon  
  41  4:00  Probe  
  42  4:06  Shield Battery  
  42  4:07  Probe  
  43  4:13  Probe  
  43  4:14  Warp Prism  
  44  4:17  Dark Templar x2  
  44  4:19  Probe  
  49  4:26  Dark Templar  
  49  4:29  Probe  
  54  4:31  Probe  
  54  4:34  Pylon  
  55  4:53  Probe  
  56  5:00  Probe  
  56  5:05  Charge  
  57  5:14  Nexus, Gateway x2  
  57  5:18  Gateway  
  57  5:27  Dark Templar x3  
  63  5:29  Probe  
  63  5:34  Probe  
  63  5:37  Archon  
  63  5:39  Immortal  
  63  5:54  Gateway  
  63  6:01  Gateway  
  63  6:05  Probe  
  63  6:07  Zealot, Sentry  
  63  6:08  Zealot  
  63  6:10  Pylon  
  70  6:13  Pylon  
  70  6:14  Archon  
  70  6:15  Dark Templar  
  70  6:16  Probe  
  70  6:17  Zealot x2  
  77  6:20  Pylon  
  77  6:23  Forge, Archon  
  77  6:25  Probe  
  78  6:26  Probe  
  78  6:29  Observer  
  78  6:30  Zealot x2  
  83  6:34  Zealot  
  86  6:41  Probe  
  87  6:56  Pylon  
  87  7:00  Dark Templar x4  
  95  7:01  Dark Templar x2  
  95  7:02  Zealot x2  
  95  7:04  Archon x2  
  95  7:05  Archon  
  103  7:10  Shield Battery  
  103  7:12  Pylon  
Show
View Real Time Build Order
Export as new Build Order

Vindicta Terran 

Build Orders: Reaper Expand 

Get SALT Encoding   

  12  0:00  SCV  
  13  0:13  SCV  
  14  0:17  Supply Depot  
  14  0:25  SCV  
  15  0:38  SCV  
  15  0:40  Barracks  
  16  0:43  Refinery  
  16  0:50  SCV  
  17  1:03  SCV  
  18  1:15  SCV  
  19  1:28  Orbital Command  
  19  1:29  Reaper  
  20  1:44  Command Center  
  20  1:50  Supply Depot  
  20  1:54  SCV  
  20  2:01  Marine  
  22  2:05  Factory  
  22  2:08  SCV  
  23  2:17  Bunker  
  23  2:18  Marine  
  23  2:21  SCV  
  25  2:24  Refinery  
  25  2:33  SCV  
  26  2:45  SCV, Barracks Reactor  
  26  2:51  Widow Mine  
  29  2:57  SCV, Orbital Command  
  30  2:58  Starport  
  30  3:09  SCV  
  30  3:12  Widow Mine  
  32  3:15  Supply Depot  
  32  3:21  SCV  
  32  3:22  Marine x2  
  32  3:23  SCV  
  36  3:33  SCV  
  37  3:36  Medivac  
  37  3:38  Factory Tech Lab, Supply Depot  
  37  3:39  Marine x2, SCV  
  42  3:45  SCV  
  43  3:52  SCV  
  43  3:57  Marine x2, SCV  
  43  3:58  Siege Tank  
  49  4:04  SCV  
  49  4:08  Supply Depot  
  49  4:09  SCV  
  51  4:15  Marine x2  
  51  4:16  SCV  
  54  4:22  SCV  
  58  4:28  SCV  
  59  4:32  Supply Depot  
  59  4:43  SCV  
  56  4:47  Raven  
  50  5:00  Factory Tech Lab  
  50  5:03  Marine, SCV  
  50  5:04  Barracks  
  50  5:06  Barracks  
  50  5:15  SCV, Engineering Bay  
  50  5:21  Siege Tank  
  53  5:22  SCV  
  53  5:24  Marine x2  
  52  5:37  Barracks, SCV  
  52  5:39  Barracks  
  53  5:52  SCV  
  53  5:56  SCV  
  53  6:01  Viking  
  55  6:05  SCV  
  55  6:10  SCV  
  57  6:12  Missile Turret  
  57  6:15  Marauder  
  60  6:20  Refinery  
  60  6:22  Factory Reactor  
  60  6:24  Supply Depot  
  60  6:30  SCV x2  
  61  6:35  Marine  
  61  6:39  Factory Reactor  
  62  6:42  Supply Depot  
  62  6:45  Marine, Missile Turret, SCV x2  
  65  6:53  Marine  
  65  6:57  Starport Reactor  
  65  6:58  SCV  
  65  6:59  SCV  
  67  7:04  Refinery  
  67  7:07  Marine  
  67  7:08  Marine  
  69  7:10  SCV  
  69  7:11  SCV  
Tags
 
Add a new tag
Caveats
  • Supply blocks, unpowered buildings, or Contaminate may cause inaccurate times.
  • Supply counts are checked every 10 seconds.